 Dungeon Crawl Stone Soup version 0.28.0-53-g5a82cb258f (webtiles) character file.

Game seed: 7553069423823990570

371151 issech the Hoplite (level 22, -9/189 HPs)
             Began as a Minotaur Monk on May 22, 2022.
             Was the Champion of Hepliaklqana.
             Killed by divine providence
             ... invoked by a sphinx
              (11 damage)
             ... on level 5 of the Vaults on May 23, 2022.
             The game lasted 06:21:50 (62085 turns).

issech the Hoplite (Minotaur Monk)                 Turns: 62085, Time: 06:21:51

Health: -9/189     AC: 35    Str: 21    XL:     22   Next: 0%
Magic:  0/30       EV: 16    Int:  7    God:    Hepliaklqana [******]
Gold:   1081       SH:  0    Dex: 25    Spells: 21/21 levels left

rFire   + + +      SeeInvis +   g - +8 flail of Mastery {protect, rPois rF++}
rCold   . . .      Faith    .   G - +2 kite shield {reflect}
rNeg    + . .      Spirit   +   T - +7 chain mail of the Lemon {Will+ Dex+4}
rPois   +          Reflect  +   t - +2 hat
rElec   +          Harm     .   K - +2 cloak {rCorr}
rCorr   +          Rampage  .   p - +2 pair of gloves {Stlth+}
Will    ++...                   C - +2 pair of boots of Ignis's Envy {rF+++}
Stlth   +.........              U - amulet of the Cast Vote {Spirit rElec}
HPRegen 0.41/turn               Z - ring of Ifoozxutu {rPois rF- MP+9 Slay+5 SInv}
MPRegen 0.22/turn               R - ring of Voinin {Fly rN+ Stlth+}

@: confused, mighty, flying, studying 4 skills
A: reduced essence, horns 2, retaliatory headbutt, agile 1
}: 1/15 runes: serpentine
a: Renounce Religion, Recall Ancestor, Ancestor Identity, Transference, Idealise


You were on level 5 of the Vaults.
You worshipped Hepliaklqana.
Hepliaklqana was exalted by your worship.
You visited 8 branches of the dungeon, and saw 37 of its levels.
You visited the Abyss 1 time.
You also visited: Bailey.

You collected 3744 gold pieces.
You spent 2663 gold pieces at shops.

Inventory:

Hand Weapons
 c - a +4 hunting sling of freezing
 e - the +6 spear of the Mind {freeze, rF+ Str+5}
   (You took it off a deep elf annihilator on level 3 of the Elven Halls)

   It freezes those it strikes, dealing additional cold damage.
   It can also slow down cold-blooded creatures.
   Str:       It affects your strength (+5).
   rF:        It protects you from fire.
 g - the +8 flail of Mastery (weapon) {protect, rPois rF++}
   (You took it off a deep elf sorcerer on level 3 of the Elven Halls)

   It grants its wielder temporary protection when it strikes (+7 to AC).
   rF:        It greatly protects you from fire.
   rPois:     It protects you from poison.
 q - the +4 mace of Gallantry {antimagic, rElec rPois Will+}
   (You found it on level 15 of the Dungeon)

   It reduces the magical energy of the wielder, and disrupts the spells and
   magical abilities of those it strikes.
   Natural abilities and divine invocations are not affected.
   rElec:     It insulates you from electricity.
   rPois:     It protects you from poison.
   Will:      It increases your willpower.
 x - a +0 hand crossbow of venom
 L - the +6 war axe of Cisedwuv {elec, Str+5}
   (You took it off a deep elf high priest on level 3 of the Elven Halls)

   It occasionally discharges a powerful burst of electricity upon striking a
   foe.
   Str:       It affects your strength (+5).
Missiles
 k - 1531 bolts
 m - 876 stones
 r - 281 sling bullets
 y - 1619 arrows
 Q - 4 silver boomerangs (quivered)
Armour
 p - a +2 pair of gloves of stealth (worn)
 t - a +2 hat (worn)
 C - the +2 pair of boots of Ignis's Envy (worn) {rF+++}
   (You bought it in a shop on level 1 of the Orcish Mines)

   rF:        It renders you almost immune to fire.
 E - a +2 tower shield of cold resistance
 G - a +2 kite shield of reflection (worn)
 K - a +2 cloak of preservation (worn)
 M - a +2 kite shield of protection
 O - a +1 crystal plate armour
 P - +0 storm dragon scales
 S - a +2 buckler of fire resistance
 T - the +7 chain mail of the Lemon (worn) {Will+ Dex+4}
   (You acquired it on level 3 of the Snake Pit)

   Dex:       It affects your dexterity (+4).
   Will:      It increases your willpower.
 X - a +1 plate armour of willpower
Jewellery
 o - a ring of positive energy
 z - a ring of resist corrosion
 J - a +4 ring of protection
 R - the ring of Voinin (right hand) {Fly rN+ Stlth+}
   (You took it off a wight on level 9 of the Dungeon)

   [ring of flight]

   rN:        It protects you from negative energy.
   Fly:       It grants you flight.
   Stlth:     It makes you more stealthy.
 U - the amulet of the Cast Vote (around neck) {Spirit rElec}
   (You found it on level 9 of the Dungeon)

   [amulet of guardian spirit]

   It causes incoming damage to be divided between your reserves of health and
   magic.
   rElec:     It insulates you from electricity.
 W - a +6 ring of strength
 Z - the ring of Ifoozxutu (left hand) {rPois rF- MP+9 Slay+5 SInv}
   (You found it on level 9 of the Dungeon)

   [ring of magical power]

   Slay:      It affects your accuracy & damage with ranged weapons and melee
   (+5).
   rF:        It makes you vulnerable to fire.
   rPois:     It protects you from poison.
   MP:        It affects your magic capacity (+9).
   SInv:      It lets you see invisible.
Wands
 b - a wand of charming (5)
 h - a wand of flame (86)
 j - a wand of digging (5)
 u - a wand of acid (16)
 w - a wand of polymorph (10)
 D - a wand of iceblast (28)
 F - a wand of paralysis (14)
 I - a wand of mindburst (11)
Scrolls
 a - 12 scrolls of identify
 d - 4 scrolls of fear
 i - 4 scrolls of fog
 s - 6 scrolls of teleportation
 H - a scroll of magic mapping
Potions
 f - a potion of berserk rage
 l - a potion of might
 n - a potion of haste
 v - 3 potions of resistance
 A - 9 potions of curing
 B - 2 potions of heal wounds
 N - 3 potions of cancellation
 V - 8 potions of ambrosia
 Y - 3 potions of invisibility


   Skills:
 + Level 20.9 Fighting
 + Level 6.0(13.7) Axes
 + Level 19.0(19.3) Maces & Flails
 + Level 9.5(11.6) Slings
 + Level 12.7 Crossbows
 + Level 9.8(11.2) Throwing
 + Level 19.0 Armour
 + Level 9.8 Dodging
 + Level 9.0 Stealth
 + Level 25.3 Shields
 + Level 0.3 Evocations


You had 21 spell levels left.
You didn't know any spells.
Your spell library contained the following spells:

 Spells                   Type           Power      Damage    Failure   Level
 Animate Skeleton         Necr           0%         N/A       90%         1
 Apportation              Tloc           0%         N/A       90%         1
 Magic Dart               Conj           0%         1d3       90%         1
 Pain                     Necr           0%         1d4       90%         1
 Shock                    Conj/Air       0%         1d3       90%         1
 Summon Small Mammal      Summ           0%         N/A       90%         1
 Blink                    Tloc           0%         N/A       97%         2
 Call Imp                 Summ           0%         N/A       97%         2
 Corpse Rot               Necr/Air       0%         N/A       97%         2
 Ensorcelled Hibernation  Hex/Ice        0%         N/A       97%         2
 Passwall                 Tmut/Erth      0%         N/A       97%         2
 Sublimation of Blood     Necr           0%         N/A       97%         2
 Wereblood                Tmut           0%         N/A       97%         2
 Call Canine Familiar     Summ           0%         N/A       99%         3
 Dazzling Flash           Conj/Hex       0%         N/A       99%         3
 Gell's Gravitas          Tloc           0%         N/A       99%         3
 Lesser Beckoning         Tloc           0%         N/A       99%         3
 Mephitic Cloud           Conj/Pois/Air  0%         N/A       99%         3
 Portal Projectile        Hex/Tloc       0%         N/A       99%         3
 Swiftness                Air            0%         N/A       99%         3
 Teleport Other           Tloc           0%         N/A       99%         3
 Tukima's Dance           Hex            0%         N/A       99%         3
 Vampiric Draining        Necr           0%         2d6       99%         3
 Airstrike                Air            0%         N/A       100%        4
 Anguish                  Hex/Necr       0%         N/A       100%        4
 Animate Armour           Summ/Erth      0%         N/A       100%        4
 Animate Dead             Necr           0%         N/A       100%        4
 Dispel Undead            Necr           0%         3d6       100%        4
 Fulminant Prism          Conj/Hex       0%         3d6       100%        4
 Leda's Liquefaction      Hex/Erth       0%         N/A       100%        4
 Petrify                  Tmut/Erth      0%         N/A       100%        4
 Summon Lightning Spire   Summ/Air       0%         N/A       100%        4
 Agony                    Necr           0%         N/A       100%        5
 Blade Hands              Tmut           0%         N/A       100%        5
 Borgnjor's Vile Clutch   Necr/Erth      0%         N/A       100%        5
 Irradiate                Conj/Tmut      0%         3d13      100%        5
 Iskenderun's Battlesphe  Conj           0%         2d6       100%        5
 Lee's Rapid Deconstruct  Erth           0%         3d5*      100%        5
 Manifold Assault         Tloc           0%         N/A       100%        5
 Silence                  Hex/Air        0%         N/A       100%        5
 Summon Forest            Summ/Tloc      0%         N/A       100%        5
 Summon Mana Viper        Hex/Summ       0%         N/A       100%        5
 Conjure Ball Lightning   Conj/Air       0%         3x3d6     100%        6
 Death Channel            Necr           0%         N/A       100%        6
 Iron Shot                Conj/Erth      0%         9d1       100%        6
 Statue Form              Tmut/Erth      0%         N/A       100%        6
 Summon Cactus Giant      Summ           0%         N/A       100%        6
 Enfeeble                 Hex            0%         N/A       100%        7
 Malign Gateway           Summ/Tloc      0%         N/A       100%        7
 Spellforged Servitor     Conj/Summ      0%         N/A       100%        7
 Storm Form               Tmut/Air       0%         N/A       100%        7
 Summon Hydra             Summ           0%         N/A       100%        7
 Discord                  Hex            0%         N/A       100%        8
 Disjunction              Tloc           0%         N/A       100%        8
 Summon Horrible Things   Summ           0%         N/A       100%        8
 Chain Lightning          Conj/Air       0%         N/A       100%        9
 Dragon's Call            Summ           0%         N/A       100%        9
 Fire Storm               Conj/Fire      0%         5d1       100%        9
 Shatter                  Erth           0%         3d5*      100%        9


Dungeon Overview and Level Annotations

Branches:
Dungeon (15/15)            Temple (1/1) D:4            Lair (6/6) D:9
  Swamp (0/4) Lair:3        Snake (4/4) Lair:2        Slime (1/5) Lair:5
    Orc (2/2) D:9             Elf (3/3) Orc:2        Vaults (5/5) D:14
  Crypt (0/3) Vaults:2     Depths (0/4) D:15         Bailey (visited)

Altars:
Ashenzari
Cheibriados
Dithmenos
Elyvilon
Fedhas
Gozag
Hepliaklqana
Kikubaaqudgha
Makhleb
Nemelex Xobeh
Okawaru
Qazlal
Ru
Sif Muna
Trog
Uskayaw
Vehumet
Wu Jian
Xom
Yredelemnul
Zin
The Shining One
Beogh
Jiyva

Shops:
D:10 *   D:15 **!   Orc:1 ?=?[[   Orc:2 [!:=[   Elf:3 !   Snake:3 (

Portals:
Trove: D:13 (give 9 potions of haste)

Annotations:
Vaults:1 1 runed translucent door, Getoffmy's ghost, veteran GrFi


Innate Abilities, Weirdness & Mutations

Your life essence is reduced to manifest your ancestor. (-10% HP)
You have a pair of horns on your head.
You reflexively headbutt those who attack you in melee.
You are agile. (Dex +2)


Message History

a +0 halberd; a +0 plate armour The sphinx hits Lucius!!
The sphinx hits Lucius.
The sphinx hits Lucius but does no damage.
Items here: $ (( )) [ ††.
You bump into the heavily etched metal wall.
The sphinx hits Lucius! x3
A storm dragon comes into view.
Your +0 hand crossbow of venom stops dripping with poison.
The +8 flail of Mastery {protect, rPois rF++} hums with potential!
g - the +8 flail of Mastery (weapon)
{protect, rPois rF++} The redback bites you but does no damage.
You bludgeon the redback!!
Your weapon exudes an aura of protection.
You kill the redback!
The jumping spider leaps!
The sphinx hits Lucius!!
The sphinx hits Lucius but does no damage.
The sphinx hits Lucius.
The redback bites Lucius.
Lucius is destroyed!
You're too confused to move!
The sentinel's mark upon you fades away.
The jumping spider leaps!
A war gargoyle comes into view. It is wielding a +0 flail.
The sphinx mumbles some strange words.
Something smites you!
* * * LOW HITPOINT WARNING * * *
The vault warden hits you from afar with a +2 halberd of venom!
* * * LOW HITPOINT WARNING * * *
You feel your willpower return.
Items here: ! " $ ( )) / [ †.
You bump into the heavily etched metal wall.
The jumping spider leaps!
The vault warden closely misses you.
The jumping spider completely misses you.
The jumping spider bites you but does no damage.
You bump into the heavily etched metal wall.
The redback closely misses you. The jumping spider pounces on you.
* * * LOW HITPOINT WARNING * * *
The jumping spider closely misses you.
The sphinx mumbles some strange words.
Something smites you!
You die...

########################
.......°...9DHps@.......
.)†.).(.(H..C))s((..(...
.#######################
. . #


You could see a storm dragon, 2 sphinxes, a vault warden, an ettin, a war
gargoyle, a jumping spider and a redback.

Vanquished Creatures
  An ancient lich (Vaults:5)
  Sojobo (Vaults:4)
  Boris (Vaults:4)
  Xtahua (Vaults:2)
  Bai Suzhen (Snake:3)
  3 deep elf blademasters
  2 deep elf master archers (Elf:3)
  A sphinx (Vaults:4)
  Agnes (Elf:2)
  6 nagarajas (Snake:4)
  Donald (Orc:2)
  2 storm dragons (Vaults:5)
  2 tengu reavers (Vaults:4)
  A frost giant (Vaults:5)
  A deep elf sorcerer (Elf:3)
  10 vault wardens
  Aizul (Snake:3)
  2 orc warlords
  Louise (Snake:4)
  2 deep elf elementalists (Elf:3)
  A curse skull (Vaults:2)
  16 ironbound preservers
  8 very ugly things
  2 stone giants
  A vampire knight (Vaults:2)
  2 entropy weavers
  2 deep elf demonologists (Elf:3)
  7 deep elf annihilators (Elf:3)
  10 dire elephants
  A deep elf death mage (Elf:3)
  An ettin (D:15)
  A great orb of eyes (Vaults:2)
  5 deep elf high priests
  7 hydras
  7 yaktaur captains
  17 naga warriors
  Fannar (Lair:1)
  28 vault guards
  5 salamander tyrants
  4 ironbound frosthearts
  4 boulder beetles
  6 anacondas
  5 two-headed ogres
  A death yak (Lair:6)
  20 dancing weapons
  16 centaur warriors
  12 naga sharpshooters
  4 tengu warriors
  An orc high priest (Orc:2)
  2 skeletal warriors
  11 deep elf knights
  2 shock serpents
  A fire crab (Lair:6)
  32 deep trolls
  3 salamander mystics
  A deep troll (shapeshifter) (Vaults:3)
  A swamp dragon (Lair:6)
  10 ironbound convokers
  A lindwurm (Vaults:1)
  6 phantasmal warriors
  3 deep elf archers
  4 naga ritualists
  16 deep elf pyromancers
  A necromancer (D:15)
  6 harpies (Vaults:4)
  8 mana vipers
  11 wizards
  24 deep elf zephyrmancers
  2 oklob plants (Lair:3)
  3 manticores
  23 ugly things
  5 orc sorcerers
  4 orc knights
  14 salamanders
  5 cyclopes
  2 elephants (Lair:3)
  4 guardian serpents
  8 vault sentinels
  17 black mambas
  14 naga magi
  5 cane toads
  6 rime drakes
  An unseen horror (D:11)
  52 yaktaurs
  Psyche (D:12)
  A kobold demonologist (D:6)
  A freezing wraith (D:15)
  8 komodo dragons
  A queen bee (Lair:3)
  3 trolls
  A tyrant leech (Lair:3)
  A hornet (D:9)
  9 polar bears
  A tarantella (shapeshifter) (D:15)
  12 blink frogs
  A raiju (Lair:6)
  3 dream sheep
  8 slime creatures
  2 shadows (D:9)
  An air elemental (Elf:3)
  A wyvern (D:7)
  3 basilisks
  2 fire elementals
  Grum (D:9)
  A water elemental (D:14)
  34 yaks
  4 wraiths
  7 vampire mosquitoes
  A steam dragon (Lair:6)
  4 wargs
  A redback (Vaults:5)
  A human simulacrum (Vaults:2)
  A swamp worm (Lair:3)
  27 nagas
  An acid dragon (Lair:6)
  2 human skeletons (Vaults:1)
  12 water moccasins
  9 hell hounds (Lair:6)
  24 orc warriors
  7 black bears
  4 ogres
  A necrophage (D:5)
  A small abomination (Abyss:2)
  18 wolves
  9 centaurs
  A phantom (D:4)
  A kobold brigand (D:9)
  3 gnoll sergeants
  5 bullfrogs
  A water moccasin zombie (D:5)
  A water moccasin skeleton (D:5)
  12 killer bees
  7 wights (D:9)
  6 howler monkeys
  4 centaur zombies
  An electric eel (D:10)
  A bullfrog zombie (D:3)
  2 hounds
  A gnoll shaman (D:6)
  16 orc priests
  A centaur skeleton (D:6)
  Jessica (D:3)
  Ijyb (D:3)
  3 iguanas
  20 orc wizards
  A killer bee zombie (D:8)
  A howler monkey zombie (D:4)
  A howler monkey skeleton (D:7)
  5 adders
  10 gnolls
  A shadow imp (D:7)
  An adder skeleton (D:4)
  2 worms (D:2)
  52 orcs
  2 endoplasms
  4 giant cockroaches
  3 goblins
  4 hobgoblins
  5 jackals
  A kobold (D:9)
  7 ball pythons
  5 bats
  3 rats (D:2)
  A bush (Lair:3)
971 creatures vanquished.

Vanquished Creatures (collateral kills)
  Jorgrun (D:12)
  A lich (Vaults:4)
  3 sphinxes
  A tengu reaver (Vaults:4)
  A storm dragon (Vaults:3)
  9 nagarajas (Snake:4)
  4 vault wardens
  3 deep elf sorcerers (Elf:3)
  2 orc warlords
  A deep elf elementalist (Elf:3)
  6 ironbound preservers
  10 very ugly things
  6 ironbound thunderhulks
  A stone giant (Vaults:3)
  A deep elf demonologist (Elf:3)
  An entropy weaver (Vaults:5)
  2 deep elf annihilators
  7 dire elephants
  A deep elf death mage (Elf:3)
  4 yaktaur captains
  A deep elf high priest (Elf:3)
  Josephine (Lair:6)
  A fire dragon (Lair:6)
  A vault guard (Vaults:3)
  9 naga warriors
  4 boulder beetles
  A salamander tyrant (Snake:3)
  3 centaur warriors (Vaults:1)
  6 hydras
  An anaconda (Snake:2)
  3 ironbound frosthearts
  Erica (D:8)
  10 dancing weapons
  A tengu warrior (D:14)
  6 two-headed ogres
  A deep troll earth mage (Vaults:5)
  A titan zombie (Vaults:1)
  3 shock serpents
  An orc high priest (Orc:1)
  7 deep elf knights
  7 naga sharpshooters
  2 skeletal warriors (D:12)
  14 deep trolls
  4 naga ritualists
  A phantasmal warrior (Vaults:4)
  5 wizards
  A harpy (shapeshifter) (D:15)
  11 lindwurms
  9 deep elf pyromancers
  11 deep elf zephyrmancers
  A necromancer (Vaults:1)
  4 deep elf archers
  4 ironbound convokers
  3 harpies (Vaults:4)
  An orc knight (Bailey)
  A mana viper (Snake:4)
  13 ugly things
  An orc sorcerer (Orc:2)
  An oklob plant (Lair:3)
  A manticore (D:11)
  14 salamanders
  2 elephants (Lair:3)
  18 black mambas
  A frost giant skeleton (Vaults:1)
  5 guardian serpents
  9 vault sentinels
  7 naga magi
  2 torpor snails
  4 cane toads
  7 komodo dragons
  A tengu conjurer (Vaults:4)
  An efreet (D:15)
  An ancient zyme (Abyss:2)
  4 yaktaurs
  Prince Ribbit (D:8)
  4 polar bears
  A large abomination (Abyss:2)
  3 slime creatures (Vaults:2)
  A wind drake (shapeshifter) (D:9)
  2 dream sheep (Lair:4)
  9 blink frogs
  A raiju (Lair:6)
  A vampire (D:13)
  31 yaks
  A wraith (Lair:6)
  2 basilisks (Lair:6)
  2 steam dragons
  3 swamp worms (Lair:3)
  4 wargs
  22 nagas
  5 water moccasins
  An acid dragon (Lair:6)
  6 hell hounds (Lair:6)
  14 orc warriors
  2 swamp drakes (Lair:6)
  6 black bears
  6 centaurs
  2 ogres
  9 wolves
  A phantom (D:6)
  A gnoll sergeant (D:4)
  A wyvern zombie (D:8)
  6 bullfrogs
  20 killer bees
  3 howler monkeys
  4 wights (D:9)
  2 electric eels (Lair:4)
  A lava snake (Snake:1)
  A jelly (D:5)
  A centaur zombie (D:7)
  8 orc priests
  2 hounds
  7 iguanas
  12 orc wizards
  A hound skeleton (D:4)
  5 adders
  14 gnolls
  25 orcs
  An endoplasm (D:4)
  2 hobgoblins (D:4)
  A jackal (D:4)
  A ball python (D:4)
  2 kobolds (D:9)
559 creatures vanquished.

Vanquished Creatures (others)
  Nikola (Vaults:2)
  A deep elf annihilator (Elf:3)
  76 battlemagi
  30 fungi
  76 plants
184 creatures vanquished.

Grand Total: 1714 creatures vanquished

Notes
Turn   | Place    | Note
-------+----------+-------------------------------------------
     0 | D:1      | issech the Minotaur Monk began the quest for the Orb.
     0 | D:1      | Reached XP level 1. HP: 19/19 MP: 0/0
   579 | D:2      | Reached XP level 2. HP: 19/27 MP: 1/1
  1012 | D:2      | Reached XP level 3. HP: 24/33 MP: 2/2
  1392 | D:3      | Found a shadowy altar of Dithmenos.
  1426 | D:3      | Reached skill level 1 in Shields
  1426 | D:3      | Reached XP level 4. HP: 23/41 MP: 3/3
  1673 | D:3      | Found a broken altar of Ashenzari.
  1678 | D:3      | Noticed Jessica
  1686 | D:3      | Killed Jessica
  1687 | D:3      | Reached skill level 5 in Axes
  1687 | D:3      | Reached skill level 1 in Armour
  1979 | D:4      | Reached XP level 5. HP: 43/47 MP: 4/4
  1992 | D:4      | Noticed Ijyb
  2031 | D:3      | Killed Ijyb
  2032 | D:3      | Reached skill level 1 in Maces & Flails
  2255 | D:4      | Found a staircase to the Ecumenical Temple.
  2279 | Temple   | Entered the Ecumenical Temple
  2325 | Temple   | Became a worshipper of Hepliaklqana the Forgotten
  2325 | Temple   | Reached * piety under Hepliaklqana
  2325 | Temple   | Reached ** piety under Hepliaklqana
  2326 | Temple   | Remembered your ancestor Lucius as a battlemage
  2531 | D:4      | Reached XP level 6. HP: 17/49 MP: 5/5
  2735 | Temple   | Reached skill level 5 in Fighting
  2837 | D:4      | Reached skill level 2 in Shields
  3782 | D:4      | Reached XP level 7. HP: 54/54 MP: 6/6
  4145 | D:5      | Entered Level 5 of the Dungeon
  4200 | D:5      | Found a sacrificial altar of Ru.
  4325 | D:6      | Reached skill level 5 in Dodging
  4357 | D:6      | Noticed a kobold demonologist
  4361 | D:6      | Noticed a smoke demon
  4370 | D:6      | Noticed a rust devil
  4558 | D:5      | Reached skill level 3 in Shields
  4683 | D:5      | Reached skill level 5 in Maces & Flails
  4866 | D:5      | Reached *** piety under Hepliaklqana
  4898 | D:5      | Noticed a two-headed ogre
  4903 | D:5      | Reached XP level 8. HP: 63/63 MP: 7/7
  4912 | D:5      | Killed a two-headed ogre
  4913 | D:5      | Reached skill level 4 in Shields
  5421 | D:6      | Noticed a soul eater
  5467 | D:6      | Noticed a two-headed ogre
  5473 | D:6      | Killed a two-headed ogre
  5474 | D:6      | Reached XP level 9. HP: 44/70 MP: 8/8
  5706 | D:6      | Killed a kobold demonologist
  5707 | D:6      | Reached skill level 5 in Shields
  6720 | D:7      | Reached skill level 1 in Throwing
  6722 | D:7      | Reached skill level 5 in Armour
  7221 | D:8      | Found a white marble altar of Elyvilon.
  7341 | D:8      | Noticed Erica
  7343 | D:8      | Reached skill level 6 in Shields
  7353 | D:8      | Killed Erica
  7354 | D:8      | Reached skill level 10 in Maces & Flails
  7354 | D:8      | Reached XP level 10. HP: 65/79 MP: 9/9
  7640 | D:8      | Reached **** piety under Hepliaklqana
  7834 | D:8      | Noticed Prince Ribbit
  7846 | D:8      | Killed Prince Ribbit
  7918 | D:8      | Found a shimmering altar of Xom.
  8119 | D:8      | Found a basalt altar of Yredelemnul.
  8209 | D:8      | Reached skill level 7 in Shields
  8401 | D:9      | Noticed a two-headed ogre
  8406 | D:9      | Killed a two-headed ogre
  8497 | D:9      | Found a burning altar of Makhleb.
  8632 | D:9      | Reached skill level 8 in Shields
  9155 | D:9      | Found a staircase to the Orcish Mines.
  9402 | D:9      | Noticed a tengu warrior
  9403 | D:9      | Noticed a two-headed ogre
  9406 | D:9      | Noticed a wizard
  9407 | D:9      | Identified the ring "Irghio Faurch" {Ice Str-3 Int+5}
  9407 | D:9      | Noticed a tengu warrior
  9460 | D:8      | Killed a tengu warrior
  9461 | D:8      | Reached XP level 11. HP: 45/85 MP: 10/10
  9717 | D:9      | Killed a wizard
  9765 | D:9      | Killed a tengu warrior
  9766 | D:9      | Reached skill level 9 in Shields
 10389 | D:9      | Found a staircase to the Lair.
 10413 | D:9      | Noticed Grum
 10430 | D:9      | Killed Grum
 10447 | D:9      | Identified the ring of Voinin {Fly rN+ Stlth+}
 10503 | D:9      | Identified the amulet of the Cast Vote {Spirit rElec}
 10524 | D:9      | Identified the ring of Ifoozxutu {rPois rF- MP+9 Slay+5
                  | SInv}
 10842 | D:9      | Killed a two-headed ogre
 10861 | D:10     | Entered Level 10 of the Dungeon
 11011 | D:10     | Found a flagged portal.
 11020 | Bailey   | Entered a bailey
 11138 | Bailey   | Noticed an orc knight
 11161 | Bailey   | Reached skill level 10 in Shields
 11170 | Bailey   | Killed an orc knight
 11328 | Bailey   | Found a large runed translucent door.
 11328 | Bailey   | Found a large runed translucent door.
 11329 | Bailey   | Noticed a deep elf pyromancer
 11402 | Bailey   | Killed a deep elf pyromancer
 11665 | D:10     | Found an opulent altar of Gozag.
 11671 | D:10     | Found Gozag's Platinum Reserve.
 11737 | D:10     | Found a shimmering blue altar of Sif Muna.
 11770 | D:10     | Noticed a two-headed ogre
 11778 | D:10     | Killed a two-headed ogre
 11820 | D:10     | Reached ***** piety under Hepliaklqana
 12050 | D:10     | Reached XP level 12. HP: 89/94 MP: 11/11
 12342 | D:11     | Reached skill level 11 in Shields
 12582 | D:11     | Reached skill level 5 in Throwing
 12628 | D:11     | Noticed a two-headed ogre
 12632 | D:11     | Killed a two-headed ogre
 12898 | D:11     | Found an ornate altar of the Wu Jian Council.
 13108 | D:12     | Noticed a two-headed ogre
 13114 | D:12     | Killed a two-headed ogre
 13115 | D:12     | Reached skill level 10 in Fighting
 13118 | D:12     | Identified the +8 short sword of the Slashing Mosquito
                  | {vamp, Fragile rN+ Int+2}
 13252 | D:12     | Noticed Jorgrun
 13252 | D:12     | Noticed Psyche
 13265 | D:12     | Killed Jorgrun
 13268 | D:12     | Killed Psyche
 13379 | D:12     | Noticed a six-headed hydra
 13392 | D:12     | Killed a six-headed hydra
 13496 | D:12     | Noticed a boulder beetle
 13519 | D:12     | Killed a boulder beetle
 14543 | D:12     | Reached skill level 10 in Armour
 14684 | D:13     | Reached skill level 12 in Shields
 15031 | D:13     | Noticed a two-headed ogre
 15037 | D:13     | Killed a two-headed ogre
 15038 | D:13     | Reached XP level 13. HP: 95/102 MP: 12/12
 15042 | D:13     | Found a portal to a secret trove of treasure.
 15920 | D:14     | Reached skill level 5 in Stealth
 16305 | D:14     | Found a gate to the Vaults.
 16828 | D:14     | Reached skill level 13 in Shields
 17244 | D:15     | Entered Level 15 of the Dungeon
 17301 | D:15     | Found Plog's General Store.
 17306 | D:15     | Found Wyjay's Specific Store.
 17425 | D:15     | Bought a +1 pair of boots of rampaging for 297 gold pieces
 17496 | D:15     | Reached skill level 1 in Crossbows
 17526 | D:15     | Reached ****** piety under Hepliaklqana
 17692 | D:15     | Identified the +4 mace of Gallantry {antimagic, rElec rPois
                  | Will+}
 18215 | D:15     | Found a staircase to the Depths.
 18215 | D:15     | Noticed an ettin
 18232 | D:15     | Killed an ettin
 18239 | D:15     | Reached XP level 14. HP: 60/111 MP: 4/13
 18591 | D:15     | Found Piachude's Distillery.
 18951 | Orc:1    | Entered Level 1 of the Orcish Mines
 18955 | Orc:1    | Noticed an orc warlord
 19057 | D:8      | HP: 4/112 [orc warrior/+0 mace[an orc warlord] (11)]
 19403 | D:9      | Killed an orc warlord
 19404 | D:9      | Reached skill level 14 in Shields
 19806 | Orc:1    | Found Kiot Epn's Magic Scroll Boutique.
 19817 | Orc:1    | Found Ycsient's Jewellery Emporium.
 20206 | Orc:1    | Found Cephor's Magic Scroll Shop.
 20207 | Orc:1    | Found Ufuocveg's Antique Armour Shoppe.
 20252 | Orc:1    | Found Geih's Antique Armour Emporium.
 20268 | Orc:1    | Bought a pair of crude boots for 266 gold pieces
 20268 | Orc:1    | Identified the +2 pair of boots of Ignis's Envy {rF+++}
                  | (You bought it in a shop on level 1 of the Orcish Mines)
 20545 | Orc:2    | Entered Level 2 of the Orcish Mines
 21199 | Orc:2    | Found Zufifo's Book Shop.
 21201 | Orc:2    | Found Iqaguuty's Jewellery Shop.
 21206 | Orc:2    | Found Popn's Antique Armour Boutique.
 21206 | Orc:2    | Found Ocudal's Distillery.
 21233 | Orc:2    | Bought a pair of embroidered gloves for 270 gold pieces
 21328 | Orc:2    | Found Olahown's Armour Boutique.
 21638 | Orc:2    | Found a staircase to the Elven Halls.
 21979 | Lair:1   | Entered Level 1 of the Lair of Beasts
 22321 | Lair:1   | Noticed Fannar
 22352 | Lair:1   | Killed Fannar
 23322 | Lair:1   | Reached skill level 15 in Shields
 23667 | Lair:2   | Found a staircase to the Snake Pit.
 23771 | Lair:2   | You are sucked into a shaft and drop 2 floors!
 25260 | Lair:3   | Reached skill level 5 in Crossbows
 25684 | Lair:2   | Reached XP level 15. HP: 103/120 MP: 14/14
 25909 | Lair:2   | Found a hazy altar of Hepliaklqana.
 26594 | Lair:3   | Found a staircase to the Swamp.
 26606 | Lair:3   | Reached skill level 15 in Maces & Flails
 26904 | Lair:3   | Reached skill level 16 in Shields
 28081 | Lair:5   | Found a viscous altar of Jiyva.
 28081 | Lair:5   | Found a staircase to the Slime Pits.
 28511 | Lair:6   | Entered Level 6 of the Lair of Beasts
 28837 | Lair:6   | Noticed Josephine
 28843 | Lair:6   | Killed Josephine
 31116 | Slime:1  | Entered Level 1 of the Pits of Slime
 31116 | Slime:1  | Noticed an azure jelly
 31116 | Slime:1  | Noticed a rockslime
 31421 | Snake:1  | Entered Level 1 of the Snake Pit
 31639 | Lair:2   | Reached XP level 16. HP: 89/131 MP: 1/15
 31798 | Lair:2   | HP: 5/131 [poisoned by a black mamba]
 31802 | Lair:2   | HP: 1/131 [black mamba (5)]
 32420 | Snake:1  | Reached skill level 17 in Shields
 32870 | Snake:1  | Reached skill level 15 in Armour
 34691 | Snake:3  | Found Ciuss's Weapon Shop.
 34856 | Snake:3  | Reached skill level 10 in Crossbows
 35329 | Snake:3  | Identified a scroll of acquirement
 35336 | Snake:3  | Acquired the +7 chain mail of the Lemon {Will+ Dex+4}
 35895 | Snake:3  | Reached skill level 15 in Fighting
 35897 | Snake:3  | Reached skill level 18 in Shields
 36726 | Snake:4  | Entered Level 4 of the Snake Pit
 36821 | Snake:4  | Noticed Bai Suzhen
 37025 | Snake:4  | Reached XP level 17. HP: 106/140 MP: 8/16
 37056 | Snake:4  | Noticed Aizul
 37096 | Snake:4  | HP: 6/140 [poisoned by Aizul (bolt of poison)]
 37672 | Snake:3  | Killed Aizul
 37786 | Snake:3  | Gained mutation: You are agile. (Dex +2) [potion of
                  | mutation]
 38000 | Snake:3  | HP: 6/140 [naga warrior/+0 long sword (27)]
 38822 | Snake:3  | Killed Bai Suzhen
 39965 | Snake:4  | Reached skill level 19 in Shields
 40487 | Snake:4  | HP: 7/141 [naga sharpshooter/arrow (20)]
 41378 | Snake:4  | Noticed Louise
 41569 | Snake:4  | Killed Louise
 42779 | Snake:4  | Got a serpentine rune of Zot
 42961 | Snake:4  | Identified the +7 morningstar of Focus {vorpal, Int+3}
 43779 | Orc:2    | Bought a potion of heal wounds for 80 gold pieces
 43813 | Elf:1    | Entered Level 1 of the Elven Halls
 43832 | Elf:1    | Noticed Donald
 43838 | Elf:1    | Reached XP level 18. HP: 143/151 MP: 8/17
 43858 | Orc:2    | Killed Donald
 44828 | Elf:1    | Got the Reference Book on Supportive Attacks
 45543 | Elf:2    | Reached skill level 20 in Shields
 45553 | Elf:2    | Found a runed translucent gate.
 45554 | Elf:2    | Found a runed translucent gate.
 45554 | Elf:2    | Found a runed translucent gate.
 46358 | Elf:2    | Noticed Agnes
 46365 | Elf:2    | Killed Agnes
 47416 | Elf:3    | Entered Level 3 of the Elven Halls
 47419 | Elf:3    | Found Fegis's Distillery.
 47421 | Elf:3    | Paralysed by an air elemental for 1 turns
 47429 | Elf:3    | Bought a potion of heal wounds for 100 gold pieces
 47429 | Elf:3    | Bought a potion of heal wounds for 100 gold pieces
 47707 | Elf:3    | Noticed a Hell Sentinel
 48215 | Elf:3    | Reached XP level 19. HP: 110/161 MP: 18/18
 48294 | Elf:3    | Identified the +6 war axe of Cisedwuv {elec, Str+5}
 48308 | Elf:3    | Reached skill level 21 in Shields
 48573 | Elf:3    | Identified the +6 spear of the Mind {freeze, rF+ Str+5}
 48584 | Elf:3    | Identified the +8 flail of Mastery {protect, rPois rF++}
 49092 | Elf:3    | Found the +7 Spriggan's Knife {stab, EV+4 Stlth+}
 49101 | Elf:3    | Got the Handbook of Creation
 49112 | Elf:3    | Got Wahaum's Guide on Creative Confrontation
 49128 | Elf:3    | Identified the +1 scimitar of Kig Qura {vorpal, rElec Int+4
                  | Dex-4}
 49639 | Elf:2    | You are sucked into a shaft and drop 1 floor!
 49654 | Elf:3    | Identified the +6 shortbow "Undertaker" {freeze, rElec rN+
                  | Int+2}
 49891 | Orc:2    | Bought a glowing tower shield for 270 gold pieces
 49897 | Orc:2    | Bought a manual of Slings for 1280 gold pieces
 50371 | Vaults:1 | Entered Level 1 of the Vaults
 50559 | Vaults:1 | Reached skill level 1 in Slings
 51554 | Vaults:1 | Reached skill level 22 in Shields
 51566 | Vaults:1 | Reached skill level 5 in Slings
 51578 | Vaults:1 | Cast into level 2 of the Abyss (a wizard)
 51716 | Vaults:1 | Escaped the Abyss
 51872 | Vaults:1 | Found a runed translucent door.
 51879 | Vaults:1 | Noticed Getoffmy's ghost (veteran GrFi)
 52901 | Vaults:1 | Reached XP level 20. HP: 170/170 MP: 19/19
 53470 | Vaults:2 | Noticed Nikola
 53478 | Vaults:2 | Killed Nikola
 53918 | Vaults:2 | Noticed Xtahua
 53930 | Vaults:2 | Killed Xtahua
 55080 | Vaults:2 | Found a staircase to the Crypt.
 55606 | Vaults:3 | Reached skill level 23 in Shields
 57117 | Vaults:3 | Reached XP level 21. HP: 178/180 MP: 20/20
 57785 | Vaults:4 | Noticed Boris
 57821 | Vaults:4 | Killed Boris
 57837 | Vaults:4 | Reached skill level 24 in Shields
 58470 | Vaults:4 | Noticed Sojobo
 58475 | Vaults:4 | Paralysed by an air elemental for 1 turns
 58500 | Vaults:4 | Paralysed by an air elemental for 1 turns
 58505 | Vaults:4 | Paralysed by an air elemental for 1 turns
 58509 | Vaults:4 | Killed Sojobo
 59940 | Vaults:4 | Acquired a manual of Stealth
 60363 | Vaults:4 | Found a radiant altar of Vehumet.
 60378 | Vaults:4 | Identified the +2 robe of Dice, Bag, and Bottle {rElec rC-
                  | rCorr Dex+8}
 60380 | Vaults:4 | Identified the +1 robe of Fipig {rF+}
 60405 | Vaults:4 | Found the +5 robe of Misfortune {Harm *Corrode *Slow EV+5}
 60642 | Vaults:5 | Entered Level 5 of the Vaults
 61372 | Vaults:4 | Reached skill level 25 in Shields
 61594 | Vaults:5 | Noticed a golden dragon
 61594 | Vaults:5 | Noticed a dread lich
 62014 | Vaults:5 | Noticed an ancient lich
 62027 | Vaults:5 | Killed an ancient lich
 62035 | Vaults:5 | HP: 5/182 [phantasmal warrior (22)]
 62040 | Vaults:5 | HP: 7/182 [deep elf high priest/divine providence (13)]
 62058 | Vaults:5 | Identified the +6 shortbow "Setirat" {venom, Dex+3}
 62061 | Vaults:5 | Identified the +5 hand axe of Wybud {holy, Fly}
 62077 | Vaults:5 | Reached XP level 22. HP: 20/189 MP: 6/21
 62081 | Vaults:5 | HP: 3/189 [vault warden/+2 halberd of venom (12)]
 62085 | Vaults:5 | Killed from afar by a sphinx

Illustrated notes

Levels and vault maps discovered:
D:1:      tarquinn_simple_flora_water_f, layout_rooms, corexii_hall_statues_s,
          glass_columns_c
D:2:      layout_rooms
D:3:      layout_rooms, lemuel_crystal_altar, nicolae_dithmenos_the_darkroom,
          uniq_jessica
D:4:      layout_layer_cave, minmay_temple_entry_large_hall, uniq_ijyb
D:5:      layout_basic, kennysheep_mini_moat
D:6:      layout_layer_cave, minmay_misc_feat_ornament
D:7:      layout_loops_cross
D:8:      layout_loops_corners, lemuel_zombie_altar_yredelemnul,
          elyvilon_altar_4, lemuel_doored_altar, nicolae_figureground_pulse,
          uniq_erica, uniq_prince_ribbit1
D:9:      minmay_the_grid_triangle_9x9_rhombus_thin_mashed
          [minmay_the_grid_triangle_9x9_corruption,
          minmay_the_grid_triangle_9x9_prize_special,
          minmay_the_grid_triangle_9x9_alien,
          minmay_the_grid_triangle_9x9_thin_v], layout_basic, bloody_makhleb,
          david_lair_shrubbed, orc_0_dummy, serial_curves, eino_curves_02,
          eino_curves_03, uniq_grum
D:10:     layout_irregular_city, lemuel_blue_sif_altar,
          nicolae_gozag_zags_fifth_avenue, enter_bailey_8, serial_column_ruins,
          column_ruins_pillar_1, column_ruins_pillar_2, column_ruins_pillar_6,
          column_ruins_pillar_2, column_ruins_pillar_1, column_ruins_pillar_12,
          column_ruins_pillar_4, column_ruins_pillar_5, column_ruins_pillar_1,
          column_ruins_pillar_2, column_ruins_pillar_3, column_ruins_pillar_1,
          column_ruins_pillar_2, column_ruins_pillar_2, column_ruins_pillar_7,
          column_ruins_pillar_4, column_ruins_pillar_5, column_ruins_pillar_1,
          column_ruins_pillar_2, column_ruins_pillar_1, kennysheep_crisscross
D:11:     layout_rooms, nzn_wu_jian_contemplation
D:12:     layout_long_grid, uniq_jorgrun, uniq_psyche
D:13:     layout_irregular_city, nicolae_trove_entry_free_sample
D:14:     layout_basic, erik_vaults_1, kennysheep_minor_cross
D:15:     hangedman_depths_entry_civil_slaughter, layout_cross, serial_shops,
          shop, small_statue_alley_a, nicolae_specific_store
Temple:   nicolae_temple_figure_eight
Lair:1:   layout_cave_pods, lemuel_fruit_tree, uniq_fannar
Lair:2:   layout_regular_city, minmay_snake_entry_six_corridors, basic_altar
Lair:3:   dpeg_oklob_gauntlet, layout_gridlike, minmay_swamp_entry_worms,
          special_room [special_room_bee], chequers_serial_rivers_marsh,
          st_stairs_11, nicolae_lair_grove_arrangements,
          infiniplex_staircase_pool, lemuel_fruit_fields
Lair:4:   layout_regular_city, serial_bayou_lagoon_b, serial_bayou_shore_a,
          lemuel_fruit_fields
Lair:5:   layout_cellular_growth, dpeg_slime_entry_enclosed_altar
Lair:6:   hangedman_lair_caniforms_friends, layout_layer_cave,
          guppyfry_lair_end_dragon, uniq_josephine
Snake:1:  layout_grid_shapes, nicolae_snake_salamander_fort
Snake:2:  layout_onion_interference
Snake:3:  hangedman_cross_stitches, layout_misc_corridors, serial_shops,
          nicolae_take_the_stairs, grunt_megastairs_2
Snake:4:  grunt_snake_rune_spirals, layout_onion, uniq_bai_suzhen, uniq_aizul,
          uniq_louise
Slime:1:  layout_caves, cheibrodos_slime_lost_civilization_7
Orc:1:    layout_caves, serial_shops, shop_fountains,
          nicolae_shop_temple_entry_statues_fountains, shop_fountains,
          nicolae_shop_advertising_works [nicolae_subvault_shop_adworks], shop,
          basic_altar, mines2_lemuel
Orc:2:    st_orc_mages, layout_caves, serial_shops, nicolae_shop_statue_plus
Elf:1:    elf_arrival_002, layout_loops_cross, minmay_elf_sorcery, uniq_donald
Elf:2:    nicolae_elf_blades_crystal_corner, layout_geoelf_diagonals, uniq_agnes
Elf:3:    minmay_elf_hall_curves, layout_rooms, serial_shops,
          nicolae_shop_competitors_out_of_business
Vaults:1: ebering_ghost_reflecting_pool, nicolae_vaults_big_angled_halls,
          nicolae_vaults_ninety_degrees, nicolae_vaults_shelves_hall,
          vaults_room_grunt_arrival_ludios, vaults_room_grid,
          nicolae_vaults_triangles, v_rooms_1, v_rooms_3, vaults_room_corners,
          layout_vaults_omnigrid
Vaults:2: hangedman_vaults_restitches, vaults_room_fours,
          minmay_crypt_entry_simple_statues, v_misc_13,
          nicolae_vaults_network_s, nicolae_vaults_little_squares_1,
          ontoclasm_vaults_decontamination, vaults_room_fancy_cross, v_misc_23,
          vaults_room_boxed, ontoclasm_vaults_twist, serial_ice_g,
          layout_vaults_maze_snakey, uniq_nikola, uniq_xtahua
Vaults:3: portal_desolation_entry_nicolae_slug, hangedman_vaults_trim,
          v_pattern_5, nicolae_vaults_sealed_display, v_misc_22,
          v_alt_pattern_6, nicolae_vaults_specimen_jars, v_misc_30,
          nicolae_vaults_little_squares_5, vaults_room_octagon,
          nicolae_vaults_c_with_doors, layout_vaults_big_room
Vaults:4: nicolae_vaults_circle_grid_a, nicolae_vaults_little_squares_4,
          v_pattern_2, vaults_mumra_minichess_inversion, v_misc_11,
          v_alt_pattern_2, v_rooms_2, grunt_tower_of_power,
          hangedman_vaults_pinch, ontoclasm_vaults_tryst, vaults_dpeg_ring,
          nicolae_vaults_little_ls, layout_vaults_omnicross, uniq_sojobo,
          uniq_boris
Vaults:5: serial_shops

Skill      XL: |  1  2  3  4  5  6  7  8  9 10 11 12 13 14 15 16 17 18 19 20 21 |
---------------+----------------------------------------------------------------+-----
Fighting       | 4 5 6 7 8 9 10 11 12 14 15 16 17 18 20 | 20.9
Axes           | 4 5 6 |  6.0
Dodging        | 4 5 6 7 8 9 |  9.8
Shields        | 1 2 3 4 6 8 10 12 13 15 16 18 19 20 22 23 25 | 25.3
Armour         | 1 2 3 4 5 7 8 10 12 13 14 15 16 17 18 19 | 19.0
Maces & Flails | 1 3 5 8 10 11 12 13 14 15 16 17 18 19 | 19.0
Stealth        | 2 3 4 5 6 7 8 9 |  9.0
Throwing       | 1 2 4 6 7 8 9 |  9.8
Crossbows      | 2 5 8 10 11 12 | 12.7
Slings         | 7 9 |  9.5
Evocations     | |  0.3

Action                   |  1- 3 |  4- 6 |  7- 9 | 10-12 | 13-15 | 16-18 | 19-21 | 22-24 || total
-------------------------+-------+-------+-------+-------+-------+-------+-------+-------++-------
Melee: Hand axe          |    65 |    18 |       |       |       |       |       |       ||    83
       Headbutt          |     9 |    16 |    29 |   102 |   295 |   214 |   490 |       ||  1155
       Punch             |     2 |       |       |       |       |       |       |       ||     2
       Flail             |       |    85 |   111 |   225 |       |       |  1170 |     1 ||  1592
       Mace              |       |       |       |   186 |   982 |   510 |    35 |       ||  1713
       Morningstar       |       |       |       |       |       |   216 |    43 |       ||   259
       War axe           |       |       |       |       |       |       |    19 |       ||    19
 Fire: Hand crossbow     |       |       |       |       |   291 |   629 |   194 |       ||  1114
       Hunting sling     |       |       |       |       |       |       |   166 |       ||   166
Throw: Stone             |     1 |     8 |       |       |       |       |     3 |       ||    12
       Boomerang         |       |       |     6 |   117 |    52 |    84 |    19 |       ||   278
Invok: Ancestor Life: Ba |       |     1 |       |       |       |       |       |       ||     1
       Recall Ancestor   |       |       |       |       |     1 |     2 |     1 |       ||     4
Evoke: Wand              |       |       |       |       |       |       |     2 |       ||     2
  Use: Scroll            |       |       |     6 |    13 |    10 |    10 |     7 |       ||    46
       Potion            |       |       |       |     1 |     4 |    14 |     3 |       ||    22
 Stab: Sleeping          |       |     2 |       |       |       |     4 |     8 |       ||    14
       Distracted        |       |     1 |     2 |     7 |    21 |    17 |    24 |       ||    72
Armor: Robe              |     9 |       |       |       |       |       |       |       ||     9
       Ring mail         |    13 |    23 |       |       |       |       |       |       ||    36
       Leather armour    |       |    21 |    13 |       |       |       |       |       ||    34
       Chain mail        |       |       |    22 |   100 |       |   284 |   636 |     2 ||  1044
       Crystal plate arm |       |       |       |    71 |   706 |   142 |       |       ||   919
       Skin              |       |       |       |     8 |       |       |       |       ||     8
Dodge: Dodged            |    45 |    61 |    43 |    75 |   174 |   264 |   494 |     4 ||  1160
Block: Other             |    11 |    28 |       |       |       |       |       |       ||    39
       Kite shield       |       |    17 |    89 |   268 |   800 |   837 |  1396 |       ||  3407
       Reflection        |       |       |     1 |    21 |    34 |   173 |   133 |       ||   362
       Buckler           |       |       |       |    83 |    67 |       |       |       ||   150
